 Dungeon Crawl Stone Soup version 0.21.1-1-g345015fe64 (webtiles) character file.

202 LilDood the Sneak (level 5, -1/24 HPs)
             Began as a Spriggan Enchanter on July 1, 2018.
             Slain by an ogre
             ... wielding a +0 giant club
              (25 damage)
             ... on level 4 of the Dungeon.
             The game lasted 00:11:05 (4686 turns).

LilDood the Sneak (Spriggan Enchanter)              Turns: 4686, Time: 00:11:05

Health: -1/24      AC:  3    Str:  4    XL:     5   Next: 50%
Magic:  10/10      EV: 20    Int: 18    God:
Gold:   124        SH:  0    Dex: 16    Spells: 1/10 levels left

rFire    . . .     SeeInvis +   a - +1 dagger
rCold    . . .     Gourm    .   (shield restricted)
rNeg     . . .     Faith    .   b - +0 robe
rPois    .         Spirit   .   (helmet restricted)
rElec    .         Reflect  .   p - +0 cloak
rCorr    .         Harm     .   (gloves unavailable)
MR       .....                  (boots unavailable)
Stlth    +++.......             (no amulet)
HPRegen  0.08/turn              (no ring)
MPRegen  0.12/turn              (no ring)

@: very quick
A: very small, unfitting armour, see invisible, herbivore, speed 3, slow
metabolism 2
a: no special abilities


You were on level 4 of the Dungeon.
You were hungry.

You visited 1 branch of the dungeon, and saw 4 of its levels.

You collected 124 gold pieces.

Inventory:

Hand Weapons
 a - a +1 dagger (weapon)
Armour
 b - a +0 robe (worn)
 p - a +0 cloak (worn)
Scrolls
 g - 4 scrolls of magic mapping {unknown}
 h - 3 scrolls of remove curse {unknown}
 l - 2 scrolls of enchant armour {unknown}
 n - 3 scrolls of identify {unknown}
 o - 2 scrolls of fear {unknown}
 r - 3 scrolls of teleportation {unknown}
 s - a scroll of fog {unknown}
 t - a scroll of noise {unknown}
 u - a scroll of amnesia {unknown}
Potions
 e - a potion of haste {unknown}
 f - a potion of heal wounds {unknown}
 i - a potion of brilliance {unknown}
 j - 3 potions of curing {unknown}
 k - a potion of lignification {unknown}
 m - a potion of degeneration {unknown}
 q - a potion of berserk rage {unknown}
 v - a potion of flight {unknown}
Books
 c - a book of Maledictions

   Spells                             Type                      Level
   a - Corona                         Hexes                        1
   b - Ensorcelled Hibernation        Hexes/Ice                    2
   c - Confuse                        Hexes                        3
   d - Tukima's Dance                 Hexes                        3
   e - Dazzling Spray                 Conjuration/Hexes            3
Comestibles
 d - 5 rations


   Skills:
 - Level 1.1 Short Blades
 + Level 4.7 Dodging
 + Level 6.0 Stealth
 + Level 3.2 Spellcasting
 * Level 5.7 Hexes


You had one spell level left.
You knew the following spells:

 Your Spells              Type           Power        Failure   Level  Hunger
a - Corona                Hex            ###....      1%          1    None
b - Ensorcelled Hibernat  Hex/Ice        ##....       8%          2    ##.....
c - Confuse               Hex            ###.....     4%          3    ###....
d - Dazzling Spray        Conj/Hex       ##....       14%         3    ###....


Dungeon Overview and Level Annotations

Branches:
Dungeon (4/15)             Temple (0/1) D:4

Altars:


Innate Abilities, Weirdness & Mutations

You are very small and have problems with some larger weapons.
You are too small for most types of armour.
You have supernaturally acute eyesight. (SInv)
You are a herbivore.
You cover ground extremely quickly.
You need consume almost no food.


Message History

Casting: Ensorcelled Hibernation
Confirm with . or Enter, or press ? or * to list all spells.
Aiming: Ensorcelled Hibernation
Press: ? - help, Shift-Dir - straight line, f/p - frilled lizard
Aim: a frilled lizard (chance to defeat MR: 62%)
The frilled lizard looks drowsy...
The helpless frilled lizard fails to defend itself.
You impale the frilled lizard!!
You kill the frilled lizard!
You see here a frilled lizard corpse.
An ogre comes into view. It is wielding a giant club.
You start resting.
Magic restored.
Found 8 gold pieces.
The helpless ogre fails to defend itself.
You impale the ogre!!
The ogre is almost dead.
The ogre hits you with a giant club!!
Ouch! That really hurt!
You die...

#......###.## ###..###
#..### ##..# ##....
#...# #####
####...#.###
#....###...##
###.#######.†.#### ##
#....O...##......###.
#...@$...##.###....#.
#........##.# ###....
##.##..####.###......
##.# ................
#..##.###..........##
#.## .###..........##
#.# ...##.##........
#.# ##.##.#..##.#..#
###.#####.##.......##..


You could see an ogre.

Vanquished Creatures
  A hound (D:4)
  An iguana (D:4)
  4 gnolls
  3 adders
  3 oozes
  An adder skeleton (D:4)
  2 worms (D:2)
  2 dart slugs
  3 leopard geckos
  An orc (D:4)
  8 bats
  6 goblins
  5 hobgoblins
  9 kobolds
  3 quokkas
  A ball python (D:2)
  3 frilled lizards
  7 rats
  A butterfly (D:4)
64 creatures vanquished.

Notes
Turn   | Place    | Note
-------+----------+-------------------------------------------
     0 | D:1      | LilDood the Spriggan Enchanter began the quest for the Orb.
     0 | D:1      | Reached XP level 1. HP: 9/9 MP: 5/5
   466 | D:1      | Reached XP level 2. HP: 13/13 MP: 6/6
   470 | D:1      | Learned a level 2 spell: Ensorcelled Hibernation
  1687 | D:2      | Reached skill level 5 in Stealth
  1709 | D:2      | Reached XP level 3. HP: 16/16 MP: 8/8
  1729 | D:2      | Learned a level 3 spell: Confuse
  2344 | D:1      | Reached skill level 5 in Hexes
  2344 | D:1      | Reached XP level 4. HP: 3/21 MP: 2/9
  3902 | D:3      | Found a faded altar of an unknown god.
  4228 | D:3      | Reached XP level 5. HP: 24/24 MP: 7/10
  4334 | D:4      | Learned a level 3 spell: Dazzling Spray
  4359 | D:4      | Found a staircase to the Ecumenical Temple.
  4619 | D:4      | Reached skill level 6 in Stealth
  4657 | D:4      | Noticed an ogre
  4686 | D:4      | Slain by an ogre

Skill      XL: |  1  2  3  4  5 |
---------------+----------------+-----
Hexes          | 4 5 |  5.7
Stealth        | 5 6 |  6.0
Dodging        | 4 |  4.7
Spellcasting   | 3 |  3.2
Short Blades   | |  1.1

Action                   |  1- 3 |  4- 6 || total
-------------------------+-------+-------++-------
Melee: Dagger            |   103 |    40 ||   143
 Cast: Ensorcelled Hiber |    27 |    30 ||    57
       Corona            |     1 |       ||     1
       Confuse           |       |     2 ||     2
 Stab: Sleeping          |    24 |    29 ||    53
       Distracted        |       |     1 ||     1
       Confused          |       |     1 ||     1
  Eat: Ration            |       |     2 ||     2
Armor: Robe              |    16 |       ||    16
Dodge: Dodged            |   114 |    15 ||   129
